 Dungeon Crawl Stone Soup version 0.17.0-19-gb37c632 (console) character file.

77 Kloppie the Charmwright (level 4, -3/30 HPs)
             Began as a High Elf Skald on Nov 12, 2015.
             Slain by a gnoll sergeant
             ... wielding a +0 trident
              (7 damage)
             ... on level 2 of the Dungeon.
             The game lasted 00:04:57 (2415 turns).

Kloppie the Charmwright (High Elf Skald)            Turns: 2415, Time: 00:04:57

Health: -3/30      AC:  7    Str: 12    XL:     4   Next: 13%
Magic:  6/8        EV: 10    Int: 16    God:
Gold:   109        SH:  0    Dex: 14    Spells: 3 memorised, 1 level left

rFire  . . .     SeeInvis .     a - +0 falchion
rCold  . . .     Clarity  .     s - +0 ring mail
rNeg   . . .     SustAt   .     (no shield)
rPois  .         Gourm    .     (no helmet)
rElec  .         Spirit   .     l - +0 cloak
rCorr  .         Warding  .     j - +0 pair of gloves
rMut   .         Stasis   .     (no boots)
MR     .....                    (no amulet)
Stlth  +.........               (no ring)
                                (no ring)

@: infused, very slightly contaminated, not resistant to hostile enchantments,
very unstealthy
A: no striking features
a: no special abilities


You were on level 2 of the Dungeon.
You were hungry.

You visited 1 branch of the dungeon, and saw 3 of its levels.

You collected 109 gold pieces.

Inventory:

Hand Weapons
 a - a +0 falchion (weapon)
Missiles
 k - 16 poisoned needles
Armour
 j - a +0 pair of gloves (worn)
 l - a +0 cloak (worn)
 s - a +0 ring mail (worn)
Wands
 q - a wand of flame (27)
Scrolls
 b - a scroll of identify {unknown}
 g - a scroll of noise {unknown}
 h - a scroll of blinking {unknown}
 i - a scroll of teleportation {unknown}
 m - a scroll of remove curse {unknown}
 o - a scroll of fear {unknown}
 p - a scroll of magic mapping {unknown}
Potions
 e - a potion of degeneration {unknown}
 f - 2 potions of curing {unknown}
 r - a potion of invisibility {unknown}
Books
 c - a book of Battle

   Spells                             Type                      Level
   a - Infusion                       Charms                       1
   b - Shroud of Golubria             Charms/Translocation         2
   c - Song of Slaying                Charms                       2
   d - Spectral Weapon                Hexes/Charms                 3
   e - Regeneration                   Charms/Necromancy            3
Comestibles
 d - 4 bread rations


   Skills:
 + Level 2.9 Fighting
 + Level 3.6 Long Blades
 - Level 0.8 Armour
 - Level 1.1 Dodging
 - Level 2.4 Spellcasting
 + Level 4.6 Charms


You had one spell level left.
You knew the following spells:

 Your Spells              Type           Power        Failure   Level  Hunger
a - Infusion              Chrm           ###...       10%         1    #......
b - Shroud of Golubria    Chrm/Tloc      #.........   30%         2    ###....
c - Spectral Weapon       Hex/Chrm       #.......     65%         3    ###....


Dungeon Overview and Level Annotations

Branches:
Dungeon (3/15)

Altars:


Message History

You kill the orc!
Casting: Infusion
Confirm with . or Enter, or press ? or * to list all spells.
You miscast Infusion.
You are very lightly contaminated with residual magic.
Nothing appears to happen.
Casting: Infusion
Confirm with . or Enter, or press ? or * to list all spells.
You begin infusing your attacks with magical energy.
The gnoll sergeant hits you from afar with a trident.
The gnoll sergeant hits you with a trident.
Your ring mail prevents you from hitting the gnoll sergeant.
The gnoll sergeant hits you with a trident!
* * * LOW HITPOINT WARNING * * *
The gnoll sergeant blocks your attack.
The gnoll sergeant hits you with a trident!
* * * LOW HITPOINT WARNING * * *
You closely miss the gnoll sergeant.
The gnoll sergeant hits you with a trident!
You die...

##..##.######...##.# #.# #.#
#..##.# ####...##.# #.# #.#
#..##.# #.....<##.# #.# #.#
#..##.# #.##(#.##.# #.# #.#
#..##.###.##.#.#..# #.# #.#
#..............#.## #.# #.#
#.###.###.##.###.# #.# #.#
#.# #.# #.##g# #.# #.# #.#
#.# #.# #.##@###.#####.###.##
#.###.###....................
#..........(>).........##.#.#
#####...(..........#####.###.
#..##..#######.# ##.## ##
#......# #.# #.## #
########.##.## #.# ##.## ##
#...........#### #.# ##.###.
#.######.......#####.##
##.#.#


You could see a gnoll sergeant.

Vanquished Creatures
  2 adders (D:2)
  A gnoll (D:1)
  An orc (D:2)
  5 bats
  2 giant cockroaches
  10 hobgoblins
  3 jackals (D:1)
  6 kobolds
  A quokka (D:2)
  A ball python (D:1)
  7 giant newts
  6 goblins
  3 rats
48 creatures vanquished.

Notes
Turn   | Place    | Note
--------------------------------------------------------------
     0 | D:1      | Kloppie the High Elf Skald began the quest for the Orb.
     0 | D:1      | Reached XP level 1. HP: 14/14 MP: 4/4
    11 | D:1      | Reached XP level 2. HP: 5/19 MP: 3/6
   327 | D:1      | Reached skill level 4 in Charms
   351 | D:1      | Learned a level 2 spell: Shroud of Golubria
  1108 | D:1      | Reached XP level 3. HP: 22/25 MP: 7/7
  1837 | D:2      | Reached XP level 4. HP: 27/30 MP: 3/8
  2284 | D:2      | Learned a level 3 spell: Spectral Weapon
  2415 | D:2      | Slain by a gnoll sergeant

Action                   |  1- 3 |  4- 6 || total
-------------------------+-------+-------++-------
Melee: Falchion          |   127 |    22 ||   149
 Cast: Infusion          |     7 |     1 ||     8
  Eat: Chunk             |     3 |     1 ||     4
